 Dungeon Crawl Stone Soup version 0.29-a0-664-gff9cad4a3d (webtiles) character file.

Game seed: 3830226333859688760

55592 lunkers the Bludgeoner (level 15, -4/122 (133) HPs)
             Began as a Formicid Fighter on June 22, 2022.
             Was an Initiate of Gozag.
             Slain by a dire elephant (17 damage)
             ... on level 6 of the Lair of Beasts.
             The game lasted 00:33:18 (19657 turns).

lunkers the Bludgeoner (Formicid Fighter)          Turns: 19657, Time: 00:33:19

HP:   -4/122 (133)  AC: 22    Str: 32    XL:     15   Next: 18%
MP:   15/15         EV: 10    Int:  9    God:    Gozag
Gold: 5273          SH:  5    Dex: 16    Spells: 14/14 levels left

rFire   + . .      SeeInvis +   a - +9 great mace "Zerghyaq" {vorpal, rF- Str+5 SInv}
rCold   . . .      Faith    .   c - +0 buckler
rNeg    . . .      Spirit   .   o - +0 fire dragon scales
rPois   .          Reflect  .   (helmet unavailable)
rElec   .          Harm     .   A - +2 cloak
rCorr   .          Rampage  .   (no gloves)
Will    +....                   V - +1 pair of boots of the Game of Kings {Dex+3}
Stlth   ..........              U - amulet of regeneration
HPRegen 1.10/turn               n - +4 ring of protection
MPRegen 0.14/turn               K - ring of protection from cold

@: mighty, gold aura, drained
A: permanent stasis, dig shafts and tunnels, antennae 3, four strong arms
a: Dig, Shaft Self, Renounce Religion, Potion Petition, Call Merchant, Bribe
Branch


You were on level 6 of the Lair of Beasts.
You worshipped Gozag.
Gozag was greatly pleased with you.
You visited 2 branches of the dungeon, and saw 16 of its levels.
You also visited: Gauntlet and Volcano.

You collected 5344 gold pieces.
You paid 71 gold pieces to Gozag.

Inventory:

Hand Weapons
 a - the +9 great mace "Zerghyaq" (weapon) {vorpal, rF- Str+5 SInv}
   (You found it on level 6 of the Dungeon)

   It inflicts extra damage upon your enemies.
   Str:       It affects your strength (+5).
   rF:        It makes you vulnerable to fire.
   SInv:      It lets you see invisible.
 i - a +1 great mace of flaming
 w - a +1 morningstar of flaming
 C - a +1 demon whip of venom
Missiles
 e - 4 javelins
 g - 5 curare-tipped darts
 B - 6 throwing nets
 E - 4 atropa-tipped darts
 R - 17 poisoned darts
 Y - 11 boomerangs
Armour
 c - a +0 buckler (worn)
 o - +0 fire dragon scales (worn)
 A - a +2 cloak (worn)
 M - a +2 chain mail of positive energy
 V - the +1 pair of boots of the Game of Kings (worn) {Dex+3}
   (You acquired it on level 1 of the Lair of Beasts)

   Dex:       It affects your dexterity (+3).
Jewellery
 b - a ring of protection from fire
 f - a ring of flight
 n - a +4 ring of protection (left hand)
 s - a ring of protection from fire
 J - an amulet of reflection
 K - a ring of protection from cold (right hand)
 N - a ring of positive energy
 U - an amulet of regeneration (around neck)
Wands
 t - a wand of polymorph (2)
 D - a wand of charming (10)
 G - a wand of acid (23)
 O - a wand of digging (13)
 T - a wand of iceblast (12)
 W - a wand of flame (10)
Scrolls
 h - 3 scrolls of fear
 l - a scroll of poison
 m - 2 scrolls of immolation
 u - 3 scrolls of vulnerability
 v - 5 scrolls of enchant armour
 y - 3 scrolls of enchant weapon
 z - 2 scrolls of silence
 P - 2 scrolls of fog
 Z - 5 scrolls of identify
Potions
 d - 2 potions of might
 k - a potion of ambrosia
 p - 3 potions of mutation
 q - 17 potions of curing
 r - a potion of magic
 x - 6 potions of flight
 F - 3 potions of cancellation
 H - 4 potions of lignification
 I - 3 potions of resistance
 L - 2 potions of invisibility
 Q - 2 potions of attraction
 S - 2 potions of heal wounds
 X - 3 potions of brilliance
Miscellaneous
 j - a phantom mirror


   Skills:
 + Level 16.9 Fighting
 * Level 17.5 Maces & Flails
 + Level 12.2 Armour
 - Level 4.0 Shields


You had 14 spell levels left.
You didn't know any spells.
Your spell library contained the following spells:

 Spells                   Type           Power      Damage    Failure   Level
 Summon Small Mammal      Summ           0%         N/A       67%         1
 Ensorcelled Hibernation  Hex/Ice        0%         N/A       82%         2
 Passwall                 Tmut/Erth      0%         N/A       82%         2
 Static Discharge         Conj/Air       0%         N/A       82%         2
 Call Canine Familiar     Summ           0%         N/A       96%         3
 Frozen Ramparts          Ice            0%         1d2       96%         3
 Gell's Gravitas          Tloc           0%         N/A       96%         3
 Lesser Beckoning         Tloc           0%         N/A       96%         3
 Spider Form              Tmut/Pois      0%         N/A       96%         3
 Summon Guardian Golem    Hex/Summ       0%         N/A       96%         3
 Teleport Other           Tloc           0%         N/A       96%         3
 Anguish                  Hex/Necr       0%         N/A       100%        4
 Dispel Undead            Necr           0%         3d6       100%        4
 Ice Form                 Ice/Tmut       0%         N/A       100%        4
 Iskenderun's Mystic Bla  Conj/Tloc      0%         2d3       100%        4
 Leda's Liquefaction      Hex/Erth       0%         N/A       100%        4
 Sticky Flame             Conj/Fire      0%         2d3       100%        4
 Summon Ice Beast         Ice/Summ       0%         N/A       100%        4
 Manifold Assault         Tloc           0%         N/A       100%        5
 Summon Forest            Summ/Tloc      0%         N/A       100%        5
 Dispersal                Tloc           0%         N/A       100%        6
 Malign Gateway           Summ/Tloc      0%         N/A       100%        7
 Storm Form               Tmut/Air       0%         N/A       100%        7
 Disjunction              Tloc           0%         N/A       100%        8
 Blink                    Tloc           Unusable   N/A       N/A         2

Dungeon Overview and Level Annotations

Branches:
Dungeon (10/15)            Temple (0/1) D:7            Lair (6/6) D:8
 Shoals (0/4) Lair:3        Snake (0/4) Lair:3        Slime (0/5) Lair:5
    Orc (0/2) D:9         Volcano (visited)         Gauntlet (visited)

Altars:
Ashenzari
Dithmenos
Elyvilon
Fedhas
Gozag
Makhleb
Okawaru
Qazlal
Xom
Yredelemnul

Shops:
D:7 (

Annotations:
D:8 2 transporters, 1 runed translucent door, DocClef's ghost, journeyman TeSu


Innate Abilities, Weirdness & Mutations

You cannot be hasted, slowed, berserked, paralysed or teleported.
You can dig through walls and to a lower floor.
You have a pair of large antennae on your head. (SInv)
Your four strong arms can wield two-handed weapons with a shield.


Message History

A hell hound comes into view.
The dire elephant tramples you!
* * * LOW HITPOINT WARNING * * *
You hold your ground!
The dire elephant trunk-slaps you but does no damage.
The black mamba is distracted by your dazzling golden aura.
The black mamba hisses angrily.
You bludgeon the dire elephant!!
The dire elephant is almost dead.
The hell hound is no longer distracted by gold.
The dire elephant tramples you!!
* * * LOW HITPOINT WARNING * * *
You hold your ground!
The dire elephant trunk-slaps you.
* * * LOW HITPOINT WARNING * * *
The polar bear is distracted by your dazzling golden aura.
The polar bear growls angrily.
You extend your mandibles.
You dig through the rock wall.
You feel drained.
You hear a howl!
The black bear is distracted by your dazzling golden aura.
The polar bear bites you but does no damage.
The polar bear barely misses you. You block the polar bear's attack.
You dig through the rock wall.
You feel drained.
The dire elephant attacks as you move away!
The dire elephant tramples you.
* * * LOW HITPOINT WARNING * * *
The dire elephant barely misses you.
The polar bear attacks as you move away!
The polar bear bites you!
* * * LOW HITPOINT WARNING * * *
The polar bear claws you but does no damage. x2
The black bear growls angrily.
The polar bear is no longer distracted by gold.
The polar bear is distracted by your dazzling golden aura.
You dig through the rock wall.
You feel drained.
You hear an angry growl.
You feel very mighty all of a sudden. The dire elephant tramples you!
You die...
Your body crumbles into a pile of gold.

## { .#.## ... .....##
... h$..##### .h.. {
....##@# ..{.. {
#..#Y###...{ $
#######.{##{#{{##
####.#...#..{{#{{..##.
###...#........#$hh.....
#............#.#hS..###.$
.#.....#.#.#.##.#...?#
..#...##########.#..##
...#### ###.# $


You could see a dire elephant.

Vanquished Creatures
  A quicksilver ooze (Gauntlet)
  A minotaur (Gauntlet)
  Josephine (D:10)
  A fire dragon (Lair:6)
  2 two-headed ogres (D:10)
  2 hydras
  Erica (Lair:1)
  Sonja (D:10)
  A sun demon (Volcano)
  Amaemon (D:8)
  A swamp dragon (Lair:6)
  2 ugly things (Volcano)
  A manticore (Lair:3)
  An eye of devastation (Lair:5)
  Joseph (D:9)
  A black mamba (Lair:2)
  An ice statue (Gauntlet)
  11 elephants
  An orange demon (D:8)
  16 cane toads
  7 rime drakes
  3 kobold demonologists (D:10)
  10 komodo dragons
  4 red devils (Volcano)
  5 polar bears
  A hornet (D:9)
  A wind drake (Lair:3)
  A troll (D:8)
  30 blink frogs
  2 raiju
  3 wraiths (D:10)
  67 yaks
  7 wyverns
  3 fire bats (Lair:5)
  7 basilisks
  5 steam dragons
  2 wargs (Lair:6)
  16 water moccasins
  5 nagas (Lair:3)
  6 hell hounds
  A swamp drake (Lair:6)
  A floating eye (Lair:5)
  2 ice beasts (D:6)
  6 orc warriors
  2 sky beasts (D:8)
  8 black bears
  18 wolves
  3 centaurs
  4 kobold brigands
  9 bullfrogs
  2 scorpions
  2 gnoll sergeants (D:9)
  9 wights
  9 howler monkeys
  6 electric eels
  A human zombie (D:8)
  8 hounds
  A gnoll shaman (D:8)
  2 jellies
  8 orc priests
  7 iguanas
  4 hell rats (Lair:5)
  10 orc wizards
  13 gnolls
  13 adders
  A shadow imp (D:6)
  4 white imps
  An ufetubus (D:6)
  5 dart slugs
  4 worms
  51 orcs
  12 ball pythons
  7 endoplasms
  A giant cockroach (D:4)
  7 hobgoblins
  2 jackals (D:4)
  5 quokkas
  4 bats
  4 frilled lizards
  6 goblins
  21 kobolds
  7 rats
  A butterfly (Lair:4)
525 creatures vanquished.

Vanquished Creatures (others)
  A bush (Lair:5)
  20 fungi
  52 plants
73 creatures vanquished.

Grand Total: 598 creatures vanquished

Notes
Turn   | Place    | Note
-------+----------+-------------------------------------------
     0 | D:1      | lunkers the Formicid Fighter began the quest for the Orb.
     0 | D:1      | Reached XP level 1. HP: 18/18 MP: 1/1
   370 | D:1      | Reached XP level 2. HP: 24/24 MP: 2/2
   375 | D:1      | Found a faded altar of an unknown god.
   500 | D:1      | Reached XP level 3. HP: 18/30 MP: 3/3
   633 | D:1      | Reached skill level 3 in Maces & Flails
  1244 | D:2      | Reached XP level 4. HP: 35/37 MP: 4/4
  2183 | D:2      | Reached skill level 4 in Maces & Flails
  2485 | D:3      | Reached XP level 5. HP: 35/42 MP: 5/5
  3102 | D:4      | Reached XP level 6. HP: 36/49 MP: 6/6
  3278 | D:4      | Reached skill level 5 in Maces & Flails
  3352 | D:4      | Reached skill level 5 in Fighting
  3602 | D:4      | Found a burning altar of Makhleb.
  3602 | D:4      | Noticed an Executioner
  3714 | D:4      | Found a white marble altar of Elyvilon.
  3821 | D:5      | Entered Level 5 of the Dungeon
  4024 | D:5      | Reached XP level 7. HP: 54/56 MP: 7/7
  4074 | D:5      | Reached skill level 6 in Maces & Flails
  4074 | D:5      | Found an iron altar of Okawaru.
  4343 | D:5      | Found an opulent altar of Gozag.
  4445 | D:5      | Became a worshipper of Gozag Ym Sagoz the Greedy
  4511 | D:5      | Found a blossoming altar of Fedhas.
  4834 | D:6      | Reached skill level 7 in Maces & Flails
  4869 | D:6      | Reached XP level 8. HP: 64/64 MP: 8/8
  5424 | D:6      | Identified the +9 great mace "Zerghyaq" {vorpal, rF- Str+5
                  | SInv}
  5646 | D:6      | Found a shimmering altar of Xom.
  5655 | D:6      | Reached skill level 8 in Maces & Flails
  6463 | D:7      | Found Roogucw's Antique Weapon Boutique.
  6659 | D:7      | Found a staircase to the Ecumenical Temple.
  6679 | D:7      | Reached XP level 9. HP: 39/72 MP: 9/9
  6870 | D:7      | Reached skill level 9 in Maces & Flails
  7396 | D:8      | Noticed a troll
  7411 | D:8      | Killed a troll
  7412 | D:8      | Reached skill level 10 in Maces & Flails
  7489 | D:8      | Found a staircase to the Lair.
  7497 | D:8      | HP: 2/75 [electric eel/bolt of electricity (14)]
  7501 | D:8      | You fall into a shaft and drop 2 floors!
  7501 | D:10     | Entered Level 10 of the Dungeon
  7765 | D:9      | Noticed Joseph
  7795 | D:10     | Found a broken altar of Ashenzari.
  7796 | D:10     | Noticed Sonja
  7809 | D:10     | Killed Sonja
  7809 | D:10     | HP: 2/75 [poisoned by Sonja (curare-tipped dart)]
  7810 | D:10     | Reached XP level 10. HP: 2/82 MP: 10/10
  8214 | D:10     | Noticed Josephine
  8227 | D:10     | Reached skill level 11 in Maces & Flails
  8231 | D:10     | Killed Josephine
  8247 | D:10     | Reached skill level 12 in Maces & Flails
  8496 | D:10     | Found a shadowy altar of Dithmenos.
  8519 | D:10     | Reached skill level 10 in Fighting
  8549 | D:10     | Reached XP level 11. HP: 55/92 MP: 11/11
  8812 | D:10     | Noticed a sun demon
  8818 | D:10     | Reached skill level 13 in Maces & Flails
  8820 | D:10     | Noticed a soul eater
  9038 | D:10     | Noticed a two-headed ogre
  9045 | D:10     | Killed a two-headed ogre
  9064 | D:10     | Noticed a two-headed ogre
  9070 | D:10     | Killed a two-headed ogre
  9350 | D:9      | Reached skill level 14 in Maces & Flails
  9864 | D:8      | Found a transporter.
  9866 | D:8      | Found a transporter.
  9866 | D:8      | Noticed DocClef's ghost (journeyman TeSu)
  9887 | D:8      | Identified the +7 great mace "Usacrivu" {flame, Fragile rF+
                  | rN++ Str+4}
  9887 | D:8      | Noticed a two-headed ogre
 10009 | D:8      | Noticed Amaemon
 10020 | D:8      | Killed Amaemon
 10407 | D:8      | Found a runed translucent door.
 10413 | D:8      | Found a basalt altar of Yredelemnul.
 10959 | D:9      | Killed Joseph
 10960 | D:9      | Reached XP level 12. HP: 93/102 MP: 12/12
 10981 | D:9      | Found a stormy altar of Qazlal.
 10991 | D:9      | Reached skill level 15 in Maces & Flails
 11236 | D:9      | Found a staircase to the Orcish Mines.
 11443 | Lair:1   | Entered Level 1 of the Lair of Beasts
 11472 | Lair:1   | Found a gate leading to a gauntlet.
 11499 | Gauntlet | Entered a Gauntlet
 11499 | Gauntlet | Found a transporter.
 11506 | Gauntlet | Found a transporter.
 11508 | Gauntlet | Found a transporter.
 11517 | Gauntlet | Found a runed translucent door.
 11519 | Gauntlet | Found a transporter.
 11521 | Gauntlet | Found a transporter.
 11524 | Gauntlet | Noticed a death drake
 11537 | Gauntlet | Found a transporter.
 11543 | Gauntlet | Noticed a quicksilver ooze
 11544 | Gauntlet | Found a runed translucent gate.
 11545 | Gauntlet | Found a transporter.
 11545 | Gauntlet | Found a runed translucent gate.
 11546 | Gauntlet | Found a runed translucent gate.
 11553 | Gauntlet | Noticed a sixfirhy
 11554 | Gauntlet | Noticed a sixfirhy
 11555 | Gauntlet | Found a transporter.
 11564 | Gauntlet | Noticed a death yak
 11565 | Gauntlet | Found a transporter.
 11565 | Gauntlet | Noticed a death yak
 11566 | Gauntlet | Noticed a death yak
 11568 | Gauntlet | Noticed a death yak
 11568 | Gauntlet | Noticed a death yak
 11568 | Gauntlet | Noticed a death yak
 11582 | Gauntlet | Found a transporter.
 11594 | Gauntlet | Found a transporter.
 11594 | Gauntlet | Found a transporter.
 11969 | Gauntlet | Found a transporter.
 12129 | Gauntlet | Killed a quicksilver ooze
 12136 | Gauntlet | Found a transporter.
 12138 | Gauntlet | Identified the ring "Qarch" {Contam rN+ rCorr Str+4 Stlth+}
 12298 | Gauntlet | Found the +5 robe of Misfortune {Harm *Corrode *Slow EV+5}
 12298 | Gauntlet | Noticed a minotaur
 12310 | Gauntlet | Killed a minotaur
 12319 | Gauntlet | Got the Volume of Earth and Transmutation
 12324 | Gauntlet | Identified the +0 robe of the Game of Kings {-Tele Dex+7
                  | SInv}
 12327 | Gauntlet | Got the Tome of Orientation
 12684 | Lair:1   | Noticed Erica
 12690 | Lair:1   | Killed Erica
 12903 | Lair:1   | Reached skill level 16 in Maces & Flails
 13477 | Lair:1   | Identified a scroll of acquirement
 13498 | Lair:1   | HP: 4/105 [cane toad (9)]
 13978 | Lair:2   | Reached skill level 5 in Armour
 14312 | Lair:2   | Reached XP level 13. HP: 62/111 MP: 13/13
 14964 | Lair:2   | Found the +8 whip "Snakebite" {venom, curare, rPois}
 15768 | Lair:3   | Found a staircase to the Shoals.
 15785 | Lair:3   | Reached skill level 15 in Fighting
 16259 | Lair:3   | Found a staircase to the Snake Pit.
 16640 | Lair:4   | Reached skill level 10 in Armour
 16737 | Lair:4   | Reached XP level 14. HP: 115/123 MP: 14/14
 17283 | Lair:4   | Acquired the +1 pair of boots of the Game of Kings {Dex+3}
 17512 | Lair:5   | Found a dark tunnel.
 17537 | Volcano  | Entered a volcano
 17861 | Lair:5   | Found a staircase to the Slime Pits.
 18453 | Lair:6   | Entered Level 6 of the Lair of Beasts
 18857 | Lair:6   | Reached skill level 17 in Maces & Flails
 19300 | Lair:6   | Reached XP level 15. HP: 132/132 MP: 15/15
 19657 | Lair:6   | Slain by a dire elephant

Illustrated notes

Levels and vault maps discovered:
D:1:      dpeg_arrival_circle_labyrinth_c, layout_basic,
          shapermc_ecumenical_altar_mp_urbaneastern,
          chequers_serial_rivers_micro_a, kennysheep_minor_cross,
          minmay_fountain_box
D:2:      minmay_general_purpose_star, layout_basic, st_stairs_10, minivault_27,
          minmay_misc_feat_iff, minmay_split_cup_small
D:3:      layout_loops_cross, dreamdust_wishing_well
D:4:      layout_basic, makhleb_altar_promises_db, elyvilon_altar_4
D:5:      layout_cave_pools, nicolae_overflow_crystal_walls,
          fedhas_ov_isle_minmay, grunt_gozag_statues
D:6:      layout_layer_cave, lemuel_doored_altar,
          nicolae_ossuary_entry_monument, serial_park_tiny_pond
D:7:      layout_loops_ring, minmay_temple_entry_mist, serial_shops, shop,
          mrwooster_statue_mirror
D:8:      layout_rooms, dk_yredelemnul_ordeal, erik_lair_island,
          gammafunk_ghost_smash, uniq_amaemon
D:9:      layout_rooms, nicolae_qazlal_style_of_elements, hiddenorc2_lemuel,
          feat_on_display, uniq_joseph
D:10:     layout_irregular_city, amcnicky_altar_gilded,
          nicolae_ashenzari_skybound, serial_rivers,
          chequers_serial_rivers_marsh, chequers_serial_rivers_room_a,
          chequers_serial_rivers_micro_c, chequers_serial_rivers_small_3,
          chequers_serial_rivers_micro_a, st_stairs_11, uniq_josephine,
          uniq_sonja
Lair:1:   layout_small_grid, gauntlet_entry_generic, uniq_erica
Lair:2:   minmay_guarded_unrand_snakebite, layout_small_grid,
          portal_ice_cave_rime, infiniplex_staircase_pool_2
Lair:3:   layout_roguey, minmay_shoals_entry_beasts,
          minmay_snake_entry_guardpost_medium, nicolae_quartered_pool_super,
          grunt_forest_stairs_basic
Lair:4:   layout_misc_corridors, st_stairs_12, serial_bayou_shore_a,
          lemuel_fruit_fields, lemuel_fruit_fields, lemuel_fruit_fields
Lair:5:   layout_regular_city, minmay_slime_entry_eyes,
          nicolae_volcano_entry_batcave, chequers_serial_rivers_large_a,
          minivault_25, infiniplex_staircase_pool
Lair:6:   guppyfry_lair_end_dragon, layout_cave_shapes,
          hangedman_lair_caniforms_friends, nicolae_lair_lil_pond

Skill      XL: |  1  2  3  4  5  6  7  8  9 10 11 12 13 14 15 |
---------------+----------------------------------------------+-----
Maces & Flails | 3 4 5 7 8 10 12 14 16 17 | 17.5
Fighting       | 4 5 6 7 8 10 12 13 15 16 | 16.9
Armour         | 5 10 11 12 | 12.2
Shields        | |  4.0

Action                   |  1- 3 |  4- 6 |  7- 9 | 10-12 | 13-15 || total
-------------------------+-------+-------+-------+-------+-------++-------
Melee: Flail             |    66 |    32 |       |       |       ||    98
       Morningstar       |       |   110 |       |       |       ||   110
       Whip              |       |    57 |   124 |       |       ||   181
       Great mace        |       |       |    73 |   364 |   613 ||  1050
 Abil: Shaft Self        |       |       |     1 |       |       ||     1
       Dig               |       |       |       |       |     2 ||     2
Evoke: Wand              |       |       |    11 |     2 |     3 ||    16
  Use: Scroll            |       |       |    13 |    16 |     3 ||    32
       Potion            |       |       |     1 |     3 |     1 ||     5
 Stab: Distracted        |       |       |       |     4 |     7 ||    11
       Confused          |       |       |       |       |     1 ||     1
Armor: Scale mail        |    38 |   113 |    80 |    61 |       ||   292
       Plate armour      |       |       |       |    64 |       ||    64
       Chain mail        |       |       |       |    41 |   162 ||   203
       Fire dragon scale |       |       |       |       |   179 ||   179
Dodge: Dodged            |    41 |   100 |    75 |   120 |   223 ||   559
Block: Buckler           |    20 |    47 |    83 |   175 |   140 ||   465
       Reflection        |       |       |     5 |     4 |       ||     9

Table legend: (Time is in decaauts)
 A = Elapsed time spent in this place.
 B = Non-inter-level travel time spent in this place.
 C = Inter-level travel time spent in this place.
 D = Time resting spent in this place.
 E = Time spent auto-exploring this place.
 F = Levels seen in this place.
 G = Mean time per level.
                   A        B        C        D        E       F      G
               +--------+--------+--------+--------+--------+-----+--------+
         Total |  19722 |  19210 |    512 |   1231 |  14103 |  18 | 1095.7 |
       Dungeon |  11530 |  11162 |    368 |    406 |   8784 |  10 | 1153.0 |
          Lair |   6973 |   6829 |    144 |    626 |   4730 |   6 | 1162.2 |
       Volcano |    139 |    139 |      0 |      0 |     21 |   1 |  139.0 |
      Gauntlet |   1078 |   1078 |      0 |    199 |    567 |   1 | 1078.0 |
               +--------+--------+--------+--------+--------+-----+--------+

Top non-repeatable levels by time:
    D:10: 2047 daAuts
  Lair:1: 1657 daAuts
     D:6: 1638 daAuts
  Lair:2: 1384 daAuts
     D:8: 1359 daAuts
  Lair:5: 1178 daAuts
     D:2: 1149 daAuts
     D:1: 1139 daAuts
Gauntlet: 1078 daAuts
  Lair:3: 1076 daAuts
  Lair:6: 1033 daAuts
     D:7: 947 daAuts
     D:4: 882 daAuts
     D:3: 836 daAuts
     D:5: 794 daAuts
